 Dungeon Crawl Stone Soup version 0.26.0-10-g1f06aea511 (webtiles) character file.

Game seed: 1103524993454807153

49 Borgoz the Slasher (level 3, -2/30 HPs)
             Began as a Ghoul Gladiator on Jan 14, 2021.
             Slain by Crazy Yiuf
             ... wielding a +3 quarterstaff of chaos
              (4 damage)
             ... on level 2 of the Dungeon.
             The game lasted 00:01:20 (1412 turns).

Borgoz the Slasher (Ghoul Gladiator)                Turns: 1412, Time: 00:01:21

Health: -2/30      AC:  5    Str: 17    XL:     3   Next: 75%
Magic:  2/2        EV: 11    Int:  3    God:
Gold:   96         SH:  0    Dex: 11    Spells: 2/2 levels left

rFire    . . .     SeeInvis .   a - +0 long sword
rCold    + . .     Faith    .   e - +0 buckler
rNeg     + + +     Spirit   .   b - +0 leather armour
rPois    ∞         Reflect  .   c - +0 helmet
rElec    .         Harm     .   l - +0 cloak
rCorr    .         Rampage  .   (no gloves)
Will     .....                  (no boots)
Stlth    +.........             (no amulet)
HPRegen  0.00/turn              (no ring)
MPRegen  0.08/turn              (no ring)

@: confused, slowed, very slow
A: claws 1, cold resistance 1, negative energy resistance 3, inhibited
regeneration, torment resistance, unbreathing
a: no special abilities


You were on level 2 of the Dungeon.
You visited 1 branch of the dungeon, and saw 2 of its levels.

You collected 96 gold pieces.

Inventory:

Hand Weapons
 a - a +0 long sword (weapon)
Missiles
 d - a throwing net (quivered)
Armour
 b - a +0 leather armour (worn)
 c - a +0 helmet (worn)
 e - a +0 buckler (worn)
 l - a +0 cloak (worn)
Scrolls
 f - a scroll of enchant weapon {unknown}
 i - 3 scrolls of blinking {unknown}
 m - a scroll of teleportation {unknown}
 n - a scroll of remove curse {unknown}
Potions
 g - a potion of curing {unknown}
 h - a potion of haste {unknown}
 j - a potion of heal wounds {unknown}
 k - a potion of flight {unknown}


   Skills:
 + Level 2.7 Fighting
 * Level 3.3 Long Blades
 - Level 1.7 Throwing
 + Level 1.1 Armour
 + Level 3.0 Dodging


You had 2 spell levels left.
You didn't know any spells.
Your spell library was empty.

Dungeon Overview and Level Annotations

Branches:
Dungeon (2/15)

Altars:
Nemelex Xobeh

Annotations:
D:2 Crazy Yiuf


Innate Abilities, Weirdness & Mutations

You thrive by killing the living.
You are immune to poison.
You have sharp fingernails.
Your flesh is cold resistant. (rC+)
You are immune to negative energy. (rN+++)
You do not regenerate when monsters are visible.
You are immune to unholy pain and torment.
You can survive without breathing.


Message History

Found a mace.
Found a runed translucent door.
Crazy Yiuf shouts!
Crazy Yiuf grits, "Mountain!
Ghoul stair broken."
As you open the door, it creaks loudly!
Crazy Yiuf grits, "Snower childish sing!"
Crazy Yiuf hits you with a +3 quarterstaff of chaos!
Ouch! That really hurt!
You are confused.
You miss Crazy Yiuf. Crazy Yiuf barely misses you.
Non-targeted confused throw: 2 throwing nets
Press: ? - help, Q - select action Dir - look around, f - activate You are confused and cannot control your aim.
You throw a throwing net.
Crazy Yiuf hits you with a +3 quarterstaff of chaos!
* * * LOW HITPOINT WARNING * * *
You feel yourself slow down.
Okay, then.
You bump into the tree.
Crazy Yiuf hits you with a +3 quarterstaff of chaos.
You die...

............#
#....##.##........<
#..........##
########..[.###.##.
...........# #....#
#.... ##..##.#..##
##### ###..###.#..
##.....#...# #..)#
#........#..
...........# #...#
#...........
..........## ...
#.##.###....
.#).##.#..## #g#
#.##.###.##.
.#...†.....# ♣♣@♣
#..._.......
.##....#..## ♣.♣♣
#..#.#....†.
.##.......# ♣♣.♣
#.##..##..#.
.##.......# ♣.♣♣
#.###.##....
.##.......# ♣♣.♣♣ #..
#.##.... .##.......##
♣.).♣♣ #<. ........
.........# ♣)...♣ #..
#....##. (#.....#.##
#.)).# #. ......##.
#.....#..####..#####.
.....####


You could see Crazy Yiuf.

Vanquished Creatures
  A gnoll (D:1)
  An ooze (D:2)
  2 dart slugs (D:2)
  2 leopard geckos (D:1)
  4 bats
  2 giant cockroaches
  A goblin (D:2)
  3 hobgoblins
  2 jackals (D:1)
  2 frilled lizards (D:1)
  3 kobolds
  5 rats (D:1)
28 creatures vanquished.

Notes
Turn   | Place    | Note
-------+----------+-------------------------------------------
     0 | D:1      | Borgoz the Ghoul Gladiator began the quest for the Orb.
     0 | D:1      | Reached XP level 1. HP: 17/17 MP: 0/0
   216 | D:1      | Reached XP level 2. HP: 25/25 MP: 1/1
   726 | D:1      | Reached XP level 3. HP: 26/30 MP: 2/2
  1201 | D:2      | Found a sparkling altar of Nemelex Xobeh.
  1216 | D:2      | Reached skill level 1 in Armour
  1405 | D:2      | Found a runed translucent door.
  1406 | D:2      | Noticed Crazy Yiuf
  1412 | D:2      | Slain by Crazy Yiuf

Illustrated notes

Levels and vault maps discovered:
D:1:      amcnicky_arrival_flooded_fountain, layout_basic, st_stairs_9
D:2:      layout_basic, lemuel_crystal_altar, uniq_crazy_yiuf_cottage

Skill      XL: |  1  2  3 |
---------------+----------+-----
Long Blades    | 3 |  3.3
Armour         | 1 |  1.1
Dodging        | 3 |  3.0
Fighting       | |  2.7
Throwing       | |  1.7

Action                   || total
-------------------------++-------
Melee: Long sword        ||    69
Throw: Throwing net      ||     2
 Stab: Held in net/web   ||     1
Armor: Leather armour    ||    16
Dodge: Dodged            ||    38
Block: Buckler           ||     7
       Rpst.: Long sword ||    14
